 Dungeon Crawl Stone Soup version 0.32-a0-779-g362cfcae2a (webtiles) character file.

Game seed: 2472452561795656495

337 hikkokomori the Shooter (level 6, -9/48 HPs)
             Began as a Coglin Hunter on Mar 19, 2024.
             Mangled by Duvessa
             ... wielding a +0 rapier
              (12 damage)
             ... on level 4 of the Dungeon.
             The game lasted 00:06:23 (2370 turns).

hikkokomori the Shooter (Coglin Hunter)             Turns: 2370, Time: 00:06:24

Health: -9/48      AC:  5    Str:  9 (11) XL:     6   Next: 54%
Magic:  6/6        EV: 11    Int:  9 (11) God:
Gold:   157        SH:  0    Dex: 16 (17) Spells: 5/5 levels left

rFire   . . .        a - +3 sling {Octavia}
rCold   . . .        d - +0 sling {Qiang}
rNeg    . . .        c - +1 leather armour
rPois   .            (no helmet)
rElec   .            q - +0 cloak
rCorr   .            (no gloves)
SInv    .            (no boots)
Will    .....        (amulet unavailable)
Stlth   ++           (ring unavailable)
HPRegen 0.28/turn    (ring unavailable)
MPRegen 0.10/turn    (no gizmo)

%: no passive effects
@: revved
A: off-hand wielding, slow wielding, warmup strikes, no jewellery
a: Invent Gizmo


You were on level 4 of the Dungeon.
You visited 1 branch of the dungeon, and saw 4 of its levels.
You also visited: Sewer.

You collected 157 gold pieces.

Inventory:

Hand Weapons
 a - a +3 sling (weapon) {Octavia}
 d - a +0 sling (offhand) {Qiang}
Armour
 c - a +1 leather armour (worn)
 p - the +0 pair of boots "Matt" {rF- Int+4}
   (You found it on level 3 of the Dungeon)

   Int+4:     It affects your intelligence (+4).
   rF-:       It makes you vulnerable to fire.
 q - a +0 cloak (worn)
Wands
 g - a wand of digging (8)
Scrolls
 r - 2 scrolls of enchant weapon
Potions
 m - 3 potions of curing
 n - a potion of degeneration


   Skills:
 + Level 3.7 Fighting
 + Level 4.6 Ranged Weapons
 + Level 3.3 Dodging
 + Level 2.8 Stealth


You had 5 spell levels left.
You didn't know any spells.
Your spell library contained the following spells:

 Spells                   Type           Power      Damage    Failure   Level
 Apportation              Tloc           0%         N/A       50%         1
 Necrotise                Necr           0%         1d4       50%         1
 Sting                    Conj/Alch      0%         1d3       50%         1
 Summon Small Mammal      Summ           0%         N/A       50%         1


Dungeon Overview and Level Annotations

Branches:
Dungeon (4/15)              Sewer (visited)
 Temple: D:4-7

Altars:
Gozag
Makhleb
Nemelex Xobeh
Vehumet
Wu Jian

Annotations:
D:4 Duvessa


Innate Abilities, Weirdness & Mutations

You can wield a second weapon in your off-hand.
It takes a long time for you to wield or remove held weapons.
Your first few attacks do less damage.
You cannot equip rings or amulets.


Message History

You feel much better. Duvessa hits you with a +0 rapier.
Duvessa hits you with a +0 rapier!
You shoot a sling bullet. The sling bullet barely misses Duvessa.
You shoot a sling bullet. The sling bullet hits Duvessa.
Duvessa is heavily wounded.
Duvessa hits you with a +0 rapier!
* * * LOW HITPOINT WARNING * * *
You shoot a sling bullet. The sling bullet hits Duvessa.
Duvessa is heavily wounded.
You shoot a sling bullet.
The sling bullet hits Duvessa but does no damage.
Duvessa is heavily wounded.
Duvessa barely misses you. Duvessa closely misses you.
You shoot a sling bullet.
The sling bullet hits Duvessa but does no damage.
Duvessa is heavily wounded.
You shoot a sling bullet.
The sling bullet closely misses Duvessa.
Duvessa is no longer moving quickly.
Duvessa hits you with a +0 rapier!
* * * LOW HITPOINT WARNING * * *
Duvessa closely misses you.
Fire: a) +3 sling {Octavia}
Press: ? - help, Shift-Dir - straight line, f/p - Duvessa
Aim: Duvessa, wielding a +0 rapier and wearing a +0 ring mail (heavily wounded, berserk, 71% to hit)
You shoot a sling bullet.
The sling bullet hits Duvessa but does no damage.
Duvessa is heavily wounded.
You shoot a sling bullet. The sling bullet hits Duvessa.
Duvessa is heavily wounded.
Duvessa barely misses you. Duvessa closely misses you.
Fire: a) +3 sling {Octavia}
Press: ? - help, Shift-Dir - straight line, f/p - Duvessa
Aim: Duvessa, wielding a +0 rapier and wearing a +0 ring mail (heavily wounded, berserk, 71% to hit)
You shoot a sling bullet.
The sling bullet hits Duvessa but does no damage.
Duvessa is heavily wounded.
You shoot a sling bullet. The sling bullet hits Duvessa.
Duvessa is heavily wounded.
Duvessa hits you with a +0 rapier!
You die...

########### #.........#
#...#####.# #...# #.#
#...# #.#
###########...### #.#
*##..>............###.####
*........##.##.##...#.....
*........@e...............
*........##.########......
*........##.# #......
*......<.##'#########.....
*.........................
*##........†.....######...
#..............# ####...
####+#....)....# #......
###.####[####.# #......


You could see Duvessa (berserk).

Vanquished Creatures
  Dowan (D:4)
  A bombardier beetle (D:4)
  A hell rat (Sewer)
  5 adders
  7 gnolls (D:4)
  2 river rats (Sewer)
  2 dart slugs
  2 ribbon worms (D:2)
  7 orcs
  4 endoplasms
  3 giant cockroaches
  7 goblins
  3 hobgoblins
  4 jackals
  8 kobolds
  3 quokkas
  11 ball pythons
  4 bats
  5 frilled lizards
  8 rats
88 creatures vanquished.

Notes
Turn   | Place    | Note
-------+----------+-------------------------------------------
     0 | D:1      | hikkokomori the Coglin Hunter began the quest for the Orb.
     0 | D:1      | Reached XP level 1. HP: 16/16 MP: 1/1
    60 | D:1      | Reached skill level 1 in Stealth
    90 | D:1      | Reached XP level 2. HP: 22/22 MP: 2/2
   100 | D:1      | Found a faded altar of an unknown god.
   499 | D:2      | Found a sparkling altar of Nemelex Xobeh.
   550 | D:2      | Reached XP level 3. HP: 28/28 MP: 3/3
   804 | D:2      | Reached skill level 4 in Ranged Weapons
   920 | D:2      | Reached XP level 4. HP: 34/34 MP: 4/4
  1423 | D:3      | Found an opulent altar of Gozag.
  1423 | D:3      | Found a sparkling altar of Nemelex Xobeh.
  1425 | D:3      | Found an ornate altar of the Wu Jian Council.
  1427 | D:3      | Found a radiant altar of Vehumet.
  1500 | D:3      | Identified the +0 pair of boots "Matt" {rF- Int+4}
  1936 | D:4      | Noticed Duvessa
  1936 | D:4      | Noticed Dowan
  1985 | D:4      | Reached XP level 5. HP: 41/41 MP: 5/5
  2048 | D:4      | Reached XP level 6. HP: 42/47 MP: 6/6
  2074 | D:4      | Found a glowing drain.
  2080 | Sewer    | Entered a sewer
  2241 | D:4      | Found a burning altar of Makhleb.
  2362 | D:4      | Killed Dowan
  2368 | D:4      | HP: 2/48 [Duvessa/+0 rapier (10)]
  2370 | D:4      | Mangled by Duvessa

Illustrated notes

Levels and vault maps discovered:
D:1:      tarquinn_simple_flora_water_d, layout_rooms,
          shapermc_ecumenical_altar_flowoftime, bh_walls_and_bars
D:2:      layout_basic, basic_altar, minmay_misc_feat_secret_circle
D:3:      layout_basic, mainiacjoe_overflow_alcove_3
D:4:      layout_basic, amcnicky_altar_gilded, bloody_makhleb,
          mainiacjoe_sewer_entry_somewhere_in_here_2, uniq_crazy_yiuf_cottage,
          uniq_edmund, uniq_duvessa

Skill      XL: |  1  2  3  4  5 |
---------------+----------------+-----
Stealth        | 1 2 |  2.8
Dodging        | 2 3 |  3.3
Ranged Weapons | 4 |  4.6
Fighting       | 3 |  3.7

Action                     |  1- 3 |  4- 6 || total
---------------------------+-------+-------++-------
   Fire: Sling             |   190 |   282 ||   472
    Use: Scroll            |       |    13 ||    13
         Potion            |       |     5 ||     5
 Armour: Leather armour    |    12 |    41 ||    53
  Dodge: Dodged            |    19 |    40 ||    59

Table legend: (Time is in decaauts)
 A = Elapsed time spent in this place.
 B = Non-inter-level travel time spent in this place.
 C = Inter-level travel time spent in this place.
 D = Time resting spent in this place.
 E = Time spent auto-exploring this place.
 F = Levels seen in this place.
 G = Mean time per level.
                   A        B        C        D        E       F      G
               +--------+--------+--------+--------+--------+-----+--------+
         Total |   2446 |   2339 |    107 |      0 |   1758 |   5 |  489.2 |
       Dungeon |   2376 |   2269 |    107 |      0 |   1721 |   4 |  594.0 |
         Sewer |     70 |     70 |      0 |      0 |     36 |   1 |   70.0 |
               +--------+--------+--------+--------+--------+-----+--------+

Top non-repeatable levels by time:
     D:2: 822 daAuts
     D:3: 641 daAuts
     D:1: 501 daAuts
     D:4: 410 daAuts
   Sewer: 70 daAuts
